 Dungeon Crawl Stone Soup version 0.24.0-125-gc4c63601f3 (webtiles) character file.

Game seed: 15344098448960400941, levelgen mode: deterministic

95 Divind the Slasher (level 4, 0/40 HPs)
             Began as a Draconian Berserker on Mar 5, 2020.
             Was a Believer of Trog.
             Slain by Natasha (2 damage)
             ... on level 2 of the Dungeon.
             The game lasted 00:03:01 (1348 turns).

Divind the Slasher (Draconian Berserker)            Turns: 1348, Time: 00:03:01

Health: 0/40       AC:  6    Str: 20    XL:     4   Next: 39%
Magic:  4/4        EV: 19    Int:  8    God:    Trog [**....]
Gold:   35         SH:  0    Dex: 15    Spells: 3/3 levels left

rFire    + . .     SeeInvis .   a - +0 falchion
rCold    + . .     Gourm    .   (no shield)
rNeg     . . .     Faith    .   (armour unavailable)
rPois    .         Spirit   .   (helmet restricted)
rElec    .         Reflect  .   e - scarf {rC+ rF+}
rCorr    .         Harm     .   l - +0 pair of gloves
MR       .....                  (no boots)
Stlth    ++........             (no amulet)
HPRegen  0.13/turn              (no ring)
MPRegen  0.09/turn              (no ring)

@: agile
A: unfitting armour, cold-blooded, AC +5
a: Berserk, Trog's Hand, Renounce Religion


You were on level 2 of the Dungeon.
You worshipped Trog.
Trog was pleased with you.
You were not hungry.

You visited 1 branch of the dungeon, and saw 2 of its levels.

You collected 35 gold pieces.

Inventory:

Hand Weapons
 a - a +0 falchion (weapon)
Armour
 e - a scarf of resistance (worn)
 g - a +0 leather armour
 l - a +0 pair of gloves (worn)
 m - a +0 ring mail
Scrolls
 d - 6 scrolls of identify {unknown}
 h - a scroll of remove curse {unknown}
 i - a scroll of teleportation {unknown}
Potions
 c - a potion of ambrosia {unknown}
 f - a potion of degeneration {unknown}
 j - a potion of lignification {unknown}
 k - a potion of agility
Comestibles
 b - 5 rations


   Skills:
 + Level 3.9 Fighting
 + Level 4.0 Long Blades
 + Level 3.6 Dodging
 + Level 0.1 Stealth


You had 3 spell levels left.
You didn't know any spells.
Your spell library was empty.

Dungeon Overview and Level Annotations

Branches:
Dungeon (2/15)

Altars:

Annotations:
D:2 Natasha


Innate Abilities, Weirdness & Mutations

Your plain brown scales are hard. (AC +5)
You cannot fit into any form of body armour.
You are cold-blooded and may be slowed by cold attacks.


Message History

Trog accepts your kill.
The white imp lashes its tail.
The white imp hits you.
* * * LOW HITPOINT WARNING * * *
The white imp freezes you. You resist.
* * * LOW HITPOINT WARNING * * *
The white imp hits you but does no damage.
The white imp closely misses you.
You riposte.
You slash the white imp!
Your tail-slap misses the white imp.
The white imp is severely wounded.
You see here a rat corpse.
The white imp disappears in a puff of smoke!
The white imp gestures at you. The puff of frost hits you. You resist.
* * * LOW HITPOINT WARNING * * *
Natasha claws you but does no damage.
It was a potion of agility.
You feel agile all of a sudden.
You feel yourself speed up. Natasha claws you but does no damage.
Natasha claws you.
You die...

############### ###
#............@# ..#
###.###########h## #.#
#.....# ##55r## #.#
##.#.#.## ##...$.## #.#
.†........ ##......?##
#.# ##.#.#.###
#......>..# #.# #
##.....#
#............#####.#####
####.###
#.......................
# #.#
#.......................


You could see Natasha, a crimson imp, a white imp and a rat.

Vanquished Creatures
  Natasha (D:2)
  Robin (D:2)
  An adder (D:2)
  An ooze (D:2)
  2 dart slugs
  A leopard gecko (D:1)
  11 goblins
  4 hobgoblins
  A quokka (D:2)
  3 bats
  2 frilled lizards
  9 kobolds
  3 rats
40 creatures vanquished.

Notes
Turn   | Place    | Note
-------+----------+-------------------------------------------
     0 | D:1      | Divind the Draconian Berserker began the quest for the Orb.
     0 | D:1      | Reached XP level 1. HP: 19/19 MP: 1/1
   194 | D:1      | Reached XP level 2. HP: 23/26 MP: 2/2
   782 | D:2      | Noticed Robin
   793 | D:2      | Reached ** piety under Trog
   793 | D:2      | Reached XP level 3. HP: 26/33 MP: 3/3
   803 | D:2      | Killed Robin
  1280 | D:2      | Reached XP level 4. HP: 40/40 MP: 4/4
  1300 | D:2      | Noticed Natasha
  1313 | D:2      | Killed Natasha
  1313 | D:2      | Reached skill level 4 in Long Blades
  1332 | D:2      | Noticed Natasha
  1346 | D:2      | HP: 1/40 [white imp/puff of frost[Natasha] (4)]
  1348 | D:2      | Slain by Natasha

Levels and vault maps discovered:
D:1:      dpeg_arrival_chambers_temple_mockup, layout_basic, serial_bayou,
          serial_bayou_pond_e, serial_bayou_pond_b, serial_bayou_pond_e,
          serial_bayou_shore_b, minmay_pentomino_x4
D:2:      layout_loops_ring, uniq_robin, uniq_natasha

Skill      XL: |  1  2  3  4 |
---------------+-------------+-----
Dodging        | 3 |  3.6
Long Blades    | 4 |  4.0
Fighting       | |  3.9
Stealth        | |  0.1

Action                   |  1- 3 |  4- 6 || total
-------------------------+-------+-------++-------
Melee: Falchion          |   105 |    16 ||   121
       Tailslap          |    12 |     1 ||    13
  Use: Potion            |       |     1 ||     1
  Eat: Ration            |     1 |       ||     1
Armor: Skin              |    32 |    15 ||    47
Dodge: Dodged            |    90 |    23 ||   113
       Rpst.: Falchion   |    22 |     6 ||    28
